AoeStats
← Chris77A

Enclosed

503809235Analyzed
2v2 RM · 1mo ago on Sep 2, 2026· 28m 25s· 4 players
Game mode
Random Map
Map size
Medium (4 player)
Population
200
Speed
Normal
Resources
Standard
Victory
Conquest
Starting age
Dark Age
Ending age
Imperial Age
RankedLock teamsTeams togetherTeam positionsShared explorationLock speedFull tech treeHidden civsTurbo modeCheats
Victory
Defeat
🇬🇧 Berbers · United Kingdom
1212
+16
🇬🇧 Byzantines · United Kingdom
1174
+18
🇨🇿 Hindustanis · Czechia
1207
-17
🇨🇿 Portuguese · Czechia
1207
-17
Chris77A
4:06 Loom
10:54 Feudal Age
17:06 Castle Age
16:08 Double-Bit Axe
18:48 Scale Barding Armor
19:50 Pikeman
26:51 Wheelbarrow
26:24 Fletching
29:05 Hand Cart
DrunkMonk
3:31 Loom
10:25 Feudal Age
11:42 Double-Bit Axe
12:23 Horse Collar
14:29 Forging
14:58 Scale Barding Armor
20:31 Castle Age
20:32 Bloodlines
20:19 Gold Mining
21:48 Pikeman
23:17 Bow Saw
27:03 Chain Barding Armor
Mrs. Cinderella
10:47 Feudal Age
9:22 Loom
16:44 Castle Age
15:09 Double-Bit Axe
15:44 Bloodlines
16:38 Scale Barding Armor
20:20 Pikeman
22:15 Horse Collar
26:17 Scale Mail Armor
26:31 Forging
Mr. Cinderella
8:00 Loom
9:46 Feudal Age
11:06 Double-Bit Axe
15:19 Castle Age
13:19 Horse Collar
16:10 Scale Barding Armor
17:31 Husbandry
19:55 Town Watch
21:34 Stone Mining
22:47 Heavy Plow
23:39 Wheelbarrow
24:35 Hand Cart
24:50 Gold Mining
26:07 Bloodlines
27:26 Stone Shaft Mining
27:29 Gold Shaft Mining
27:10 Bow Saw
Connection lost

Rejoining the realm…

Still unreachable

The connection could not be restored.

Session expired

The server has moved on; the page needs a fresh start.